Map: Habitation Station LE

Players

herO - Winner!

  • Race: Protoss Protoss
  • Spawn Location: 1:00

Stats

  • Race: Protoss Protoss
  • Spawn Location: 11:00

Event: IEM Season 11 - Gyeonggi

VOD

Have the link to the VOD?

Description

Time

  • Played on: Dec. 13, 2016, 11:23 p.m.
  • Length: 5:53

All games in this series

Show
View Real Time Build Order
Export as new Build Order

herO Protoss - Winner!

Build Orders:  

Get SALT Encoding   

  12  0:00  Probe (Chrono Boost)  
  13  0:11  Probe (Chrono Boost)  
  14  0:18  Pylon  
  14  0:22  Probe (Chrono Boost)  
  15  0:36  Probe (Chrono Boost)  
  15  0:40  Assimilator  
  16  0:47  Probe (Chrono Boost)  
  16  0:48  Gateway  
  17  0:55  Assimilator  
  17  0:57  Probe (Chrono Boost)  
  17  1:03  Assimilator  
  18  1:08  Probe (Chrono Boost)  
  19  1:14  Gateway  
  20  1:18  Probe (Chrono Boost)  
  20  1:29  Probe (Chrono Boost)  
  21  1:36  Cybernetics Core  
  21  1:39  Probe (Chrono Boost)  
  22  1:43  Pylon  
  22  1:50  Probe (Chrono Boost)  
  23  2:01  Probe (Chrono Boost)  
  24  2:12  Adept x2  
  24  2:13  Mothership Core (Chrono Boost)  
  24  2:14  Warp Gate (Chrono Boost)  
  30  2:20  Pylon  
  30  2:39  Adept x2  
  34  2:46  Robotics Facility  
  34  2:57  Pylon x2  
  34  3:02  Pylon  
  34  3:09  Pylon  
  31  3:24  Sentry x2  
  35  3:27  Gateway  
  35  3:40  Warp Prism (Chrono Boost)  
  37  3:42  Pylon  
  37  4:09  Stalker x2  
  37  4:12  Immortal (Chrono Boost)  
  41  4:33  Stalker  
  41  4:34  Stalker  
  41  4:35  Stalker  
  47  4:42  Pylon  
  47  5:01  Stalker x2  
  49  5:07  Stalker  
  47  5:29  Stalker x2  
  47  5:31  Stalker  
Show
View Real Time Build Order
Export as new Build Order

Stats Protoss 

Build Orders:  

Get SALT Encoding   

  12  0:00  Probe (Chrono Boost)  
  13  0:11  Probe (Chrono Boost)  
  14  0:17  Pylon  
  14  0:22  Probe (Chrono Boost)  
  15  0:35  Gateway, Probe (Chrono Boost)  
  16  0:41  Assimilator  
  16  0:46  Probe (Chrono Boost)  
  17  0:56  Probe (Chrono Boost)  
  18  0:58  Pylon  
  18  1:07  Probe (Chrono Boost)  
  19  1:15  Gateway  
  19  1:17  Probe (Chrono Boost)  
  20  1:22  Zealot (Chrono Boost)  
  22  1:30  Cybernetics Core  
  22  1:33  Probe  
  23  1:45  Probe  
  24  1:57  Probe  
  25  2:06  Warp Gate (Chrono Boost), Stalker x2 (Chrono Boost)  
  29  2:10  Probe  
  29  2:15  Pylon  
  30  2:27  Probe  
  31  2:30  Assimilator  
  31  2:41  Adept x2  
  35  2:56  Mothership Core (Chrono Boost)  
  37  3:15  Probe (Chrono Boost)  
  36  3:28  Nexus  
  36  3:38  Probe  
  37  3:46  Twilight Council  
  36  3:59  Stalker  
  36  4:00  Probe  
  36  4:02  Pylon  
  37  4:11  Stalker  
  39  4:20  Probe (Chrono Boost)  
  39  4:22  Pylon  
  40  4:27  Stalker  
  42  4:32  Probe  
  42  4:37  Stalker  
  45  4:39  Probe  
  45  4:44  Probe  
  47  4:49  Probe  
  44  4:53  Stalker  
  44  4:56  Probe  
  47  5:00  Stalker  
  48  5:14  Pylon  
  39  5:16  Pylon  
  39  5:17  Sentry  
  39  5:27  Stalker  
  39  5:41  Stalker  

Tags
 
Add a new tag
Caveats
  • Supply blocks, unpowered buildings, or Contaminate may cause inaccurate times.
  • Supply counts are checked every 10 seconds.